[Event "Wednesday Apr 18 Engine Tour 9 rd Swiss 12m+1s Starts at 1600hrs ST"]
[Site "Infinity Chess"]
[Date "2018.4.18"]
[Round "1"]
[White "Deep_Impact"]
[Black "Time_bandit"]
[Result "1/2-1/2"]
[ECO "C55"]
[WhiteElo "2389"]
[BlackElo "2464"]
[WhiteEngine "BrainFish_180411_x64_bmi2"]
[BlackEngine "asmFishW_2018-02-02_popcnt"]
[EventType "Swiss"]
[WhiteTeam ""]
[BlackTeam ""]
[PlyCount "103"]
[TimeControl "720+1"]

1. e4 e5 2. Nf3 Nc6 3. Bc4 Nf6 4. d3 Bc5 5. c3 d6 6. O-O a5 7. Bg5 Ba7 
8. Nbd2 h6 9. Bh4 Qe7 10. Bb5 g5 11. Bg3 O-O 12. Nc4 Nh5 13. Bxc6 bxc6 
14. Nxa5 Nxg3 15. hxg3 Bd7 16. Qd2 f6 17. Nc4 h5 18. Ne3 Qh7 19. a4 h4 
20. g4 Bxe3 21. Qxe3 Bxg4 22. a5 Kf7 23. d4 Ke8 24. Nd2 Be6 25. f3 Qh5 26. a6 g4 
27. fxg4 Qxg4 28. Kh2 Ra7 29. Rf3 Rg8 30. Qf2 exd4 31. cxd4 Qg3+ 32. Qxg3 hxg3+ 
33. Rxg3 Rxg3 34. Kxg3 Bc8 35. b3 Rxa6 36. Rxa6 Bxa6 37. b4 Kd7 38. Kf4 Ke6 
39. g3 Bd3 40. g4 Be2 41. Nf3 Bxf3 42. Kxf3 Kf7 43. Ke3 Ke7 44. d5 c5 
45. bxc5 dxc5 46. Kd3 Kd6 47. Kc3 Ke5 48. Kc4 Kxe4 49. Kxc5 f5 50. g5 Ke5 
51. g6 Kf6 52. Kc6 1/2-1/2

[Event "Wednesday Apr 18 Engine Tour 9 rd Swiss 12m+1s Starts at 1600hrs ST"]
[Site "Infinity Chess"]
[Date "2018.4.18"]
[Round "1"]
[White "SkyPilot"]
[Black "angriff"]
[Result "1-0"]
[ECO "C02"]
[WhiteElo "2466"]
[BlackElo "2392"]
[WhiteEngine "stockfish_x64_bmi2_2018_04_07_CTG"]
[BlackEngine "DracoREX 3.07 64BIT POPCNT_CTG"]
[EventType "Swiss"]
[WhiteTeam ""]
[BlackTeam ""]
[PlyCount "195"]
[TimeControl "720+1"]

1. e4 e6 2. d4 d5 3. e5 c5 4. c3 Nc6 5. Nf3 Qb6 6. a3 c4 7. Nbd2 Na5 8. Be2 Bd7 
9. O-O Ne7 10. Rb1 h6 11. Re1 Qc7 12. Nf1 O-O-O 13. Bf4 Kb8 14. Ne3 Nb3 
15. Bd3 cxd3 16. Qxb3 Nc8 17. Bg3 Nb6 18. Rec1 Nc4 19. Qd1 Bb5 20. a4 Ba6 
21. Nf1 Be7 22. b4 b6 23. h4 Na3 24. Rb3 Nc4 25. Ra1 Rdg8 26. Ne1 d2 
27. Nxd2 Nxd2 28. Qxd2 Bc4 29. Rb2 a6 30. a5 b5 31. Qe3 g5 32. h5 g4 33. Bf4 Bg5 
34. g3 Bxf4 35. gxf4 Rg7 36. Qg3 Rc8 37. Ng2 Qd8 38. Re1 Qh8 39. Qh4 Bd3 
40. Re3 Be4 41. Qf6 Bxg2 42. Kxg2 Kb7 43. Rb1 Qh7 44. Rg1 Rgg8 45. Kh2 Rc7 
46. Rg2 Qb1 47. Qxh6 Rcc8 48. Qf6 Rh8 49. h6 Qf5 50. Qxf5 exf5 51. Kg3 Rxh6 
52. f3 gxf3 53. Kxf3 Rch8 54. Ke2 Kc8 55. Reg3 Kd7 56. Rg8 Ke7 57. Rxh8 Rxh8 
58. Ke1 Kd7 59. Kd2 Ke6 60. Kc2 Kd7 61. Rg5 Ke6 62. Kb3 Ke7 63. Rxf5 Rh6 
64. Kc2 Ke6 65. Rg5 Rh2+ 66. Kb3 Rh8 67. f5+ Ke7 68. Kc2 Kf8 69. Kd2 Rh2+ 
70. Ke3 Rh3+ 71. Kf4 Rh4+ 72. Rg4 Rh8 73. e6 fxe6 74. Rg6 exf5 75. Rxa6 Ke7 
76. Rb6 Rh1 77. Kxf5 Rh5+ 78. Kg4 Rh2 79. Rxb5 Ra2 80. Rb6 Rf2 81. a6 Rg2+ 
82. Kf4 Ra2 83. b5 Kf7 84. Rb7+ Kg6 85. a7 Ra1 86. Rb6+ Kh7 87. Ra6 Rf1+ 
88. Ke5 Re1+ 89. Kxd5 Re8 90. a8=Q Rxa8 91. Rxa8 Kg6 92. Ke5 Kg5 93. Rg8+ Kh4 
94. b6 Kh5 95. b7 Kh6 96. b8=Q Kh5 97. Qf8 Kh4 98. Qh6# 1-0

[Event "Wednesday Apr 18 Engine Tour 9 rd Swiss 12m+1s Starts at 1600hrs ST"]
[Site "Infinity Chess"]
[Date "2018.4.18"]
[Round "1"]
[White "star99"]
[Black "hafaba"]
[Result "1-0"]
[ECO "E10"]
[WhiteElo "2423"]
[BlackElo "2473"]
[WhiteEngine "Cryptic Heroes 9.4B"]
[BlackEngine "Eman 1.70-beta21 64-bit POPCNT_CTG"]
[EventType "Swiss"]
[WhiteTeam ""]
[BlackTeam ""]
[PlyCount "140"]
[TimeControl "720+1"]

1. d4 Nf6 2. c4 e6 3. Nf3 d5 4. e3 c6 5. Bd3 Nbd7 6. O-O Be7 7. b3 b6 8. Qe2 O-O 
9. Rd1 Bb7 10. Nbd2 Qc7 11. Bb2 a5 12. Bc2 c5 13. Rac1 Rfd8 14. h3 a4 
15. dxc5 bxc5 16. b4 Ba6 17. b5 Bb7 18. a3 g6 19. Bb1 Nh5 20. Re1 Rac8 
21. Bc2 Ra8 22. Bd3 f5 23. Qd1 Bf6 24. Qc2 Bxb2 25. Qxb2 Rac8 26. Bc2 Ra8 
27. Bd3 Rac8 28. Bc2 d4 29. Bxa4 dxe3 30. Rxe3 e5 31. Bc2 e4 32. Ng5 Re8 
33. Rce1 Nhf6 34. Ngxe4 Bxe4 35. Nxe4 Nxe4 36. Bxe4 fxe4 37. a4 Nb6 38. Qa2 Ra8 
39. a5 Nc8 40. a6 Nd6 41. Rb1 Qb6 42. Qc2 Rf8 43. Ra3 Ra7 44. Re1 Raa8 
45. Ra4 Qc7 46. Ra2 Rab8 47. Qb3 Rb6 48. Ra4 Re8 49. f3 Qe7 50. fxe4 Nc8 
51. Qg3 Re6 52. Ra3 Re5 53. Rf1 Rxe4 54. Raf3 Qd7 55. Kh2 Rxc4 56. Rf6 Rb4 
57. Qf2 Qe7 58. Kh1 Qd8 59. Rc6 Qe7 60. Rf6 Re4 61. b6 Nxb6 62. Rxb6 Qg7 
63. Rb7 R4e7 64. Qa2+ Kh8 65. a7 Rxb7 66. a8=Q Rbb8 67. Q8a7 Rb7 68. Qxc5 Rd7 
69. Qe6 Rde7 70. Qed6 Kg8 1-0

[Event "Wednesday Apr 18 Engine Tour 9 rd Swiss 12m+1s Starts at 1600hrs ST"]
[Site "Infinity Chess"]
[Date "2018.4.18"]
[Round "1"]
[White "Marsell"]
[Black "MarioDeMonti"]
[Result "1/2-1/2"]
[ECO "C55"]
[WhiteElo "2485"]
[BlackElo "2428"]
[WhiteEngine "BrainFish_180408_x64_bmi2"]
[BlackEngine "stockfish_x64_bmi2_2018_02_18_CTG"]
[EventType "Swiss"]
[WhiteTeam ""]
[BlackTeam ""]
[PlyCount "102"]
[TimeControl "720+1"]

1. e4 e5 2. Nf3 Nc6 3. Bc4 Nf6 4. d3 Bc5 5. c3 d6 6. O-O O-O 7. h3 a5 8. Nbd2 h6 
9. Re1 Be6 10. b3 Bb6 11. a4 d5 12. Bb5 Ne7 13. exd5 Nfxd5 14. Qc2 c6 
15. Bc4 Ng6 16. d4 Ndf4 17. dxe5 Nh4 18. Bf1 Bd5 19. Re4 Nfg6 20. Bc4 Re8 
21. g3 Nxf3+ 22. Nxf3 Qd7 23. Bxd5 cxd5 24. Rg4 Qc6 25. Bb2 Nxe5 26. Nxe5 Rxe5 
27. c4 Rg5 28. Rxg5 hxg5 29. Rc1 dxc4 30. Qxc4 Qxc4 31. Rxc4 Rd8 32. Bc3 Rd3 
33. Kg2 f6 34. b4 axb4 35. Bxb4 Kf7 36. Bc5 Bxc5 37. Rxc5 Rb3 38. a5 Kg6 
39. Rd5 Rb1 40. Rd7 Rb5 41. Rc7 Rxa5 42. Rxb7 Ra3 43. Rb6 Ra2 44. Rb7 Ra1 
45. g4 Ra5 46. Kg3 Ra1 47. f3 Ra3 48. Kf2 Rd3 49. Kg3 Ra3 50. Kf2 Rc3 
51. Kg3 Ra3 1/2-1/2

[Event "Wednesday Apr 18 Engine Tour 9 rd Swiss 12m+1s Starts at 1600hrs ST"]
[Site "Infinity Chess"]
[Date "2018.4.18"]
[Round "1"]
[White "Mr Aj"]
[Black "Seliga"]
[Result "1-0"]
[ECO "A06"]
[WhiteElo "2440"]
[BlackElo "2502"]
[WhiteEngine "Houdini 6"]
[BlackEngine "AsmFish@A12_CTG"]
[EventType "Swiss"]
[WhiteTeam ""]
[BlackTeam ""]
[PlyCount "41"]
[TimeControl "720+1"]

1. Nf3 d5 2. d4 Nf6 3. c4 e6 4. e3 b6 5. b3 Bb7 6. Bb2 Nbd7 7. Bd3 Bd6 
8. O-O O-O 9. Nbd2 c6 10. Re1 h6 11. e4 dxe4 12. Nxe4 Bb4 13. Re3 Nxe4 
14. Bxe4 Nf6 15. a3 Nxe4 16. axb4 Nd6 17. g4 Qe7 18. Ne5 Qh4 19. Qe2 Rfd8 
20. Rg3 Re8 21. Nf3 1-0

[Event "Wednesday Apr 18 Engine Tour 9 rd Swiss 12m+1s Starts at 1600hrs ST"]
[Site "Infinity Chess"]
[Date "2018.4.18"]
[Round "1"]
[White "KRAKEN"]
[Black "ocirema"]
[Result "1-0 "]
[ECO "D31"]
[WhiteElo "2523"]
[BlackElo "2453"]
[WhiteEngine "Raubfisch X38b_CTG"]
[BlackEngine "asmFishW_2018-04-11_popcnt_CTG"]
[EventType "Swiss"]
[WhiteTeam ""]
[BlackTeam ""]
[PlyCount "196"]
[TimeControl "720+1"]

1. d4 d5 2. c4 e6 3. Nc3 c6 4. e3 Nf6 5. Nf3 Nbd7 6. Be2 Bd6 7. b3 b6 8. Bb2 O-O 
9. O-O Bb7 10. Bd3 Rc8 11. Qe2 Re8 12. Rad1 Qe7 13. e4 dxc4 14. Bxc4 b5 
15. Bd3 e5 16. Qd2 Rcd8 17. Ne2 exd4 18. Nexd4 g6 19. Qg5 Nh5 20. Qc1 Ne5 
21. Nxe5 Bxe5 22. Nxc6 Bxc6 23. Bxe5 Bxe4 24. Bxb5 Qxe5 25. Bxe8 Rxe8 26. f3 Bb7 
27. Rfe1 Qb8 28. Rxe8+ Qxe8 29. Kf2 Qe5 30. Qe3 Qa5 31. Qd2 Qc5+ 32. Qd4 Qf5 
33. Qd7 Qc5+ 34. Qd4 Qf5 35. Re1 Qc8 36. Re7 Qc2+ 37. Re2 Qc6 38. h3 Bc8 
39. b4 a6 40. Rd2 Qc1 41. g4 Nf6 42. Qb2 Qxb2 43. Rxb2 Kf8 44. b5 axb5 
45. Rxb5 Bd7 46. Rb4 Nd5 47. Rd4 Bc6 48. a4 Ke7 49. a5 Kd6 50. Rd1 Bb5 
51. h4 Ba6 52. Kg3 h6 53. Rd4 Bb7 54. Ra4 Ba6 55. Re4 Kd7 56. Re5 Nf6 
57. Rc5 Kd6 58. Rc1 Nd5 59. Rd1 Kc6 60. Rb1 Kd7 61. Rd1 Kc6 62. Re1 Kd7 
63. Re5 Nf6 64. Kf2 Ne8 65. h5 g5 66. f4 f6 67. Re3 Nd6 68. f5 Bb7 69. Ke1 Ne8 
70. Kd2 Nd6 71. Kc3 Nb5+ 72. Kc4 Nc7 73. Kc5 Bg2 74. Rd3+ Ke7 75. Rg3 Ba8 
76. Ra3 Na6+ 77. Kb6 Nb4 78. Re3+ Kd7 79. Re6 Bg2 80. a6 Ba8 81. a7 Nd5+ 
82. Kc5 Nc3 83. Kc4 Ne4 84. Kd4 Nf2 85. Rxf6 Nxg4 86. Re6 Bb7 87. Kc5 Bg2 
88. Kb6 Ba8 89. Rg6 Ke7 90. Rg8 Bf3 91. Rg7+ Kf6 92. Rb7 Bxb7 93. Kxb7 Kxf5 
94. a8=Q Kf4 95. Qa4+ Kf3 96. Qd4 Kg3 97. Qe4 Nh2 98. Qe5+ Kh3 1-0

[Event "Wednesday Apr 25 Engine Tour 9 rd Swiss 12m+1s Starts at 1600hrs"]
[Site "Infinity Chess"]
[Date "2018.4.25"]
[Round "9"]
[White "gmmarolideus"]
[Black "NINJA_JENGKA"]
[Result "1/2-1/2"]
[ECO "B22"]
[WhiteElo "2354"]
[BlackElo "2413"]
[WhiteEngine "asmFishW_2018-04-07_popcnt_CTG"]
[BlackEngine "Houdini 6_CTG"]
[EventType "Swiss"]
[WhiteTeam ""]
[BlackTeam ""]
[PlyCount "163"]
[TimeControl "720+1"]

1. e4 c5 2. c3 e6 3. Nf3 d5 4. exd5 exd5 5. d4 Bd6 6. Bb5+ Nc6 7. dxc5 Bxc5 
8. O-O Nf6 9. Bg5 Be6 10. Nbd2 O-O 11. Qa4 h6 12. Bh4 g5 13. Bg3 Bd7 
14. Rfe1 Rc8 15. Qc2 Bb6 16. a4 a6 17. Bxc6 Rxc6 18. Qb3 Bc8 19. a5 Ba7 
20. Qa4 Nh5 21. Nd4 Rg6 22. Qb3 Kh7 23. Re2 Nf4 24. Re3 Ne6 25. Nxe6 Bxe6 
26. Ree1 Qc8 27. Rac1 d4 28. c4 d3 29. Qc3 Bc5 30. b4 Be7 31. c5 Rd8 32. Re3 Qd7 
33. Nf3 Bf5 34. Ne5 Bf6 35. Qd2 Bxe5 36. Bxe5 Re8 37. f3 g4 38. Rce1 Qd5 
39. fxg4 Rxg4 40. Bc3 Rxe3 41. Rxe3 Be4 42. Rg3 Rxg3 43. hxg3 Qg5 44. Qxg5 hxg5 
45. g4 Kg6 46. Kf2 Bc6 47. g3 Bd7 48. Kf3 Be6 49. Be1 f6 50. Bc3 Bd7 51. Bd2 Kf7 
52. Be1 Be6 53. Bc3 Ke7 54. Be1 Bd7 55. Bc3 Bc8 56. Bd2 Kf7 57. Bc3 Kg6 
58. Bd2 Bd7 59. Be1 Kf7 60. Bd2 Ke6 61. Ke4 Ke7 62. Kf3 Bc8 63. Bc3 Be6 
64. Be1 Ke8 65. Bc3 Kf7 66. Bd2 Bd7 67. Bc3 Kg6 68. Bd2 Bb5 69. Ke3 f5 
70. Bc3 fxg4 71. Ke4 Kf7 72. Kf5 Bd7+ 73. Kxg5 Ke6 74. Kxg4 Kd5+ 75. Kf3 Kc4 
76. Be1 Kb3 77. g4 Kc2 78. g5 Kd1 79. Bc3 Kc2 80. Be1 Kd1 81. Bc3 Kc2 82. Be1 
1/2-1/2

[Event "Wednesday Apr 25 Engine Tour 9 rd Swiss 12m+1s Starts at 1600hrs"]
[Site "Infinity Chess"]
[Date "2018.4.25"]
[Round "9"]
[White "hafaba"]
[Black "SkyPilot"]
[Result "1/2-1/2"]
[ECO "C77"]
[WhiteElo "2419"]
[BlackElo "2435"]
[WhiteEngine "Eman 1.70-beta21 64-bit POPCNT_CTG"]
[BlackEngine "stockfish_x64_bmi2_2018_04_07_CTG"]
[EventType "Swiss"]
[WhiteTeam ""]
[BlackTeam ""]
[PlyCount "90"]
[TimeControl "720+1"]

1. e4 e5 2. Nf3 Nc6 3. Bb5 a6 4. Ba4 Nf6 5. O-O Be7 6. Re1 b5 7. Bb3 O-O 
8. c3 d5 9. exd5 Nxd5 10. Nxe5 Nxe5 11. Rxe5 c6 12. d4 Bd6 13. Re1 Qh4 
14. g3 Qh3 15. Re4 g5 16. Qf1 Qh5 17. Nd2 Bh3 18. Qe2 Qg6 19. Nf3 f6 20. a4 Kh8 
21. Bc2 Bf5 22. Re6 Bxc2 23. Rxd6 Bd3 24. Qd1 Bc2 25. Qe2 Bd3 26. Qd1 Qe4 
27. Ne1 Bc4 28. Bd2 Nb6 29. axb5 Bxb5 30. Qf3 Qe7 31. Rxc6 Bxc6 32. Qxc6 Qe2 
33. Qxb6 Qxd2 34. Nf3 Qe2 35. Kg2 g4 36. Nh4 Rac8 37. Rxa6 Qe4+ 38. Kg1 Qe1+ 
39. Kg2 Rce8 40. Qd6 Qb1 41. b4 Qe4+ 42. Kg1 Qe1+ 43. Kg2 Qe4+ 44. Kg1 Qe1+ 
45. Kg2 Qe4+ 1/2-1/2

[Event "Wednesday Apr 25 Engine Tour 9 rd Swiss 12m+1s Starts at 1600hrs"]
[Site "Infinity Chess"]
[Date "2018.4.25"]
[Round "9"]
[White "ocirema"]
[Black "angriff"]
[Result "1/2-1/2"]
[ECO "D00"]
[WhiteElo "2445"]
[BlackElo "2409"]
[WhiteEngine "asmFishW_2018-04-24_popcnt"]
[BlackEngine "DracoREX 3.07 64BIT POPCNT_CTG"]
[EventType "Swiss"]
[WhiteTeam ""]
[BlackTeam ""]
[PlyCount "282"]
[TimeControl "720+1"]

1. d4 d5 2. e3 Nf6 3. c4 e6 4. Nf3 Be7 5. Be2 O-O 6. O-O dxc4 7. Bxc4 c5 
8. dxc5 Bxc5 9. Qe2 Nc6 10. Nc3 e5 11. Ng5 Qe7 12. Nge4 Bf5 13. Qf3 Bg6 
14. Nxf6+ Qxf6 15. Qxf6 gxf6 16. a3 Rac8 17. Rd1 Kg7 18. Bd2 Bc2 19. Rdc1 Bf5 
20. Be1 Rfd8 21. Be2 Be7 22. Bf3 Be6 23. Ne4 Bd5 24. Bc3 f5 25. Ng3 Kf6 
26. Be2 Bc5 27. b4 Bb6 28. a4 a5 29. bxa5 Bxa5 30. Bb2 Be6 31. Ba3 Rd2 
32. h3 Ne7 33. Rxc8 Nxc8 34. Rb1 Nd6 35. Bxd6 Rxd6 36. Rb5 Bc7 37. Rxb7 Rc6 
38. Rb1 Rc2 39. Bd1 Rc3 40. Ra1 Ba5 41. Nh5+ Kg5 42. Kf1 Bd7 43. Be2 Bc6 
44. Kg1 Rc5 45. Bd1 Rc4 46. Kf1 Kg6 47. Ng3 f4 48. exf4 exf4 49. Ne2 f3 
50. gxf3 Bxf3 51. Bb3 Rb4 52. Bc2+ Kf6 53. Bxh7 Rh4 54. Ng1 Bc6 55. Bc2 Kg7 
56. Bd1 Rb4 57. Rc1 Bxa4 58. Bxa4 Rxa4 59. Ne2 Bb6 60. Rc6 Ba7 61. Ng3 Ra1+ 
62. Kg2 Ra2 63. Nh5+ Kh7 64. Rf6 Bd4 65. Rf4 Be5 66. Rxf7+ Kg6 67. Rf8 Kxh5 
68. Rf5+ Kh6 69. Rxe5 Ra1 70. Re6+ Kg5 71. Re8 Kg6 72. Re4 Kh5 73. Re3 Kh4 
74. Re4+ Kh5 75. f3 Kg5 76. h4+ Kh5 77. Kg3 Rg1+ 78. Kf4 Ra1 79. Re2 Rb1 
80. Rh2 Rb4+ 81. Kg3 Rb1 82. Rd2 Rg1+ 83. Kh3 Rh1+ 84. Kg3 Rg1+ 85. Kf4 Rb1 
86. Rd8 Ra1 87. Kg3 Rg1+ 88. Kf4 Ra1 89. Rd2 Rb1 90. Re2 Ra1 91. Re8 Rb1 
92. Rh8+ Kg6 93. Rd8 Rh1 94. Rh8 Ra1 95. Rc8 Rb1 96. Rc6+ Kh5 97. Rc8 Ra1 
98. Kg3 Rg1+ 99. Kh2 Rb1 100. Rh8+ Kg6 101. Kg3 Kf5 102. Rd8 Rg1+ 103. Kh2 Rf1 
104. Rg8 Rf2+ 105. Kg3 Rf1 106. Kg2 Rc1 107. h5 Kf6 108. h6 Rc7 109. Rg4 Rh7 
110. Rh4 Kf7 111. f4 Kg8 112. Kf3 Ra7 113. f5 Kh7 114. Rh5 Ra4 115. Ke3 Rc4 
116. Kf3 Ra4 117. Kg3 Rc4 118. Rh1 Ra4 119. Kf3 Rb4 120. Ke3 Ra4 121. Rh2 Rc4 
122. Kf3 Rd4 123. Kg3 Ra4 124. Rh5 Rc4 125. Rh1 Ra4 126. Kf3 Rb4 127. Ke3 Rc4 
128. Rh5 Rb4 129. Rh2 Rc4 130. Kf3 Rb4 131. Kg3 Rc4 132. Rh5 Rc7 133. Rh1 Rc6 
134. Kf4 Rc2 135. Ke3 Rc6 136. Kf4 Rc8 137. Kg5 Rg8+ 138. Kf6 Rf8+ 139. Ke6 Re8+ 
140. Kf6 Rb8 141. Re1 Rb2 1/2-1/2

[Event "Wednesday Apr 25 Engine Tour 9 rd Swiss 12m+1s Starts at 1600hrs"]
[Site "Infinity Chess"]
[Date "2018.4.25"]
[Round "9"]
[White "Time_bandit"]
[Black "CrapCleaner"]
[Result "1/2-1/2"]
[ECO "C77"]
[WhiteElo "2467"]
[BlackElo "2421"]
[WhiteEngine "asmFishW_2018-04-11_bmi2"]
[BlackEngine "Houdini 6.03 Standard_CTG"]
[EventType "Swiss"]
[WhiteTeam ""]
[BlackTeam ""]
[PlyCount "176"]
[TimeControl "720+1"]

1. e4 e5 2. Nf3 Nc6 3. Bb5 a6 4. Ba4 Nf6 5. O-O Be7 6. Re1 b5 7. Bb3 O-O 
8. c3 d6 9. h3 Bb7 10. d4 Re8 11. Nbd2 Bf8 12. a4 exd4 13. cxd4 Qd7 14. Bc2 Nb4 
15. Bb1 c5 16. axb5 axb5 17. Rxa8 Bxa8 18. d5 g6 19. Nf1 Bg7 20. Bd2 Qa7 
21. Ng3 Bb7 22. Nd4 Nbxd5 23. Ndf5 gxf5 24. exd5 Rxe1+ 25. Qxe1 Bxd5 
26. Nxf5 Be6 27. Nxg7 Kxg7 28. f4 Ba2 29. Bd3 Nd5 30. Kh2 Qe7 31. Qxe7 Nxe7 
32. Bxb5 h5 33. Ba5 Nd5 34. Kg3 f6 35. Be2 h4+ 36. Kf3 Bb3 37. Be1 Nb6 
38. Bxh4 Na4 39. Be1 d5 40. Bb5 Nxb2 41. Ba5 Ba4 42. Ba6 d4 43. Bb6 Bc6+ 
44. Kf2 Na4 45. Ba7 Nc3 46. Kf1 Ne4 47. Bd3 f5 48. Bxe4 Bxe4 49. Bxc5 d3 
50. Bb4 Kg6 51. Kf2 Bc6 52. Bd2 Bd5 53. Kg3 Be4 54. Kh2 Kh5 55. Bc3 Bd5 
56. Bb4 Kh4 57. g3+ Kh5 58. Kg1 Bc6 59. Bc3 Be4 60. Be1 Bc6 61. Bd2 Bd5 
62. Bc3 Be4 63. Bd2 Bd5 64. Bb4 Bc6 65. Kf1 Bf3 66. Kf2 Be4 67. Ke3 Bg2 
68. Kxd3 Bxh3 69. Ke3 Bf1 70. Be7 Bg2 71. Ke2 Be4 72. Kf2 Kg4 73. Bc5 Bc6 
74. Bd6 Bd5 75. Bc5 Bc6 76. Bd6 Be4 77. Ba3 Bd5 78. Be7 Be4 79. Ba3 Bd5 
80. Bc1 Bb7 81. Bb2 Bd5 82. Bd4 Be4 83. Bc3 Bd5 84. Ba1 Bc6 85. Bb2 Bd5 
86. Bc3 Bf3 87. Ba1 Bc6 88. Bb2 Bd5 1/2-1/2

[Event "Wednesday Apr 25 Engine Tour 9 rd Swiss 12m+1s Starts at 1600hrs"]
[Site "Infinity Chess"]
[Date "2018.4.25"]
[Round "9"]
[White "Thinker"]
[Black "Murx"]
[Result "1/2-1/2"]
[ECO "B30"]
[WhiteElo "2464"]
[BlackElo "2505"]
[WhiteEngine "BrainFish_180418_x64_modern_CTG"]
[BlackEngine "asmFishW_2018-04-07_popcnt"]
[EventType "Swiss"]
[WhiteTeam ""]
[BlackTeam ""]
[PlyCount "145"]
[TimeControl "720+1"]

1. e4 c5 2. Nf3 Nc6 3. Nc3 g6 4. d4 cxd4 5. Nxd4 Bg7 6. Be3 Nf6 7. Bc4 O-O 
8. Bb3 d6 9. f3 Bd7 10. Qd2 Nxd4 11. Bxd4 b5 12. h4 a5 13. a4 bxa4 14. Nxa4 h5 
15. O-O Qc7 16. Qg5 Rfb8 17. Rfd1 Rb5 18. Qe3 Bc6 19. Nb6 Ra6 20. Nc4 Nd7 
21. Bxg7 Kxg7 22. Qc3+ Kg8 23. Ne3 Rc5 24. Qd2 Qb6 25. Ra2 Ra8 26. Kh2 a4 
27. Rda1 Rb8 28. Bxa4 Bxa4 29. b4 Qxb4 30. Qxb4 Rxb4 31. Rxa4 Rxa4 32. Rxa4 e6 
33. Ra8+ Kg7 34. Ra6 Ne5 35. Rxd6 Rc3 36. Nd1 Rxc2 37. Kg3 Nc6 38. Ne3 Rc1 
39. f4 Kf8 40. Rd7 Rc3 41. Kf2 Rc1 42. Rc7 Kg7 43. g3 Rc3 44. e5 Kf8 
45. Rc8+ Kg7 46. Kg2 Rxe3 47. Rxc6 Rd3 48. Ra6 Rb3 49. Ra2 Kh6 50. Kh3 Rd3 
51. Ra4 Re3 52. Ra6 Kg7 53. Kh2 Rf3 54. Ra2 Kh6 55. Kg2 Rc3 56. Kh2 Rd3 
57. Ra6 Rd2+ 58. Kh3 Rd3 59. Kh2 Rb3 60. Ra7 Rb2+ 61. Kh3 Kg7 62. Rc7 Rb3 
63. Kg2 Rb2+ 64. Kf3 Rb3+ 65. Kg2 Kf8 66. Rc8+ Ke7 67. Rc7+ Kf8 68. Rc8+ Ke7 
69. Rc4 Kd7 70. Rd4+ Ke7 71. Rc4 Kd7 72. Rd4+ Ke7 73. Rc4 1/2-1/2

[Event "Wednesday Apr 25 Engine Tour 9 rd Swiss 12m+1s Starts at 1600hrs"]
[Site "Infinity Chess"]
[Date "2018.4.25"]
[Round "9"]
[White "Marsell"]
[Black "localhero"]
[Result "1/2-1/2"]
[ECO "C55"]
[WhiteElo "2483"]
[BlackElo "2446"]
[WhiteEngine "BrainFish_180418_x64_bmi2"]
[BlackEngine "asmFishW_2018-04-11_popcnt"]
[EventType "Swiss"]
[WhiteTeam ""]
[BlackTeam ""]
[PlyCount "110"]
[TimeControl "720+1"]

1. e4 e5 2. Nf3 Nc6 3. Bc4 Nf6 4. d3 Bc5 5. c3 d6 6. O-O a5 7. Bg5 Ba7 
8. Nbd2 h6 9. Bh4 Qe7 10. Bb5 g5 11. Bg3 O-O 12. Nc4 Nh5 13. Bxc6 bxc6 
14. Nxa5 Nxg3 15. hxg3 Bd7 16. Qd2 f6 17. Nc4 h5 18. Ne3 Qh7 19. a4 h4 
20. g4 Bxe3 21. Qxe3 Bxg4 22. a5 Kf7 23. d4 Ke8 24. Nd2 Be6 25. f3 Ke7 
26. a6 Rg8 27. a7 g4 28. f4 Qh6 29. b3 g3 30. Rf3 exd4 31. cxd4 Kd8 32. f5 Qxe3+ 
33. Rxe3 Bd7 34. Ree1 Kc8 35. Rf1 Kb7 36. Rf4 Rxa7 37. Rxa7+ Kxa7 38. Rxh4 d5 
39. Rh7 Rd8 40. exd5 Kb8 41. dxc6 Bxf5 42. Rh4 Re8 43. Rf4 Bc2 44. Nf3 Re3 
45. Rxf6 Rxb3 46. Rf8+ Ka7 47. Kf1 Bd3+ 48. Ke1 Be4 49. Rg8 Bxf3 50. gxf3 Rxf3 
51. Ke2 Ra3 52. d5 Kb6 53. Kf1 Rd3 54. Ke2 Rxd5 55. Rxg3 Kxc6 1/2-1/2

[Event "Wednesday Apr 25 Engine Tour 9 rd Swiss 12m+1s Starts at 1600hrs"]
[Site "Infinity Chess"]
[Date "2018.4.25"]
[Round "9"]
[White "Seliga"]
[Black "star99"]
[Result "1/2-1/2"]
[ECO "A15"]
[WhiteElo "2494"]
[BlackElo "2461"]
[WhiteEngine "AsmFish A10_CTG"]
[BlackEngine "Cryptic Heroes 9.4B"]
[EventType "Swiss"]
[WhiteTeam ""]
[BlackTeam ""]
[PlyCount "133"]
[TimeControl "720+1"]

1. c4 Nf6 2. Nf3 g6 3. d4 Bg7 4. Nc3 d5 5. cxd5 Nxd5 6. e4 Nxc3 7. bxc3 c5 
8. Rb1 O-O 9. Be2 b6 10. O-O Bb7 11. Qd3 Ba6 12. Qe3 Qd7 13. Rd1 Qa4 
14. Rb3 Bxe2 15. Qxe2 Qa6 16. Qxa6 Nxa6 17. Bg5 h6 18. Be3 cxd4 19. cxd4 Rfc8 
20. g3 Rc2 21. Rd2 Rc4 22. Rdb2 g5 23. h3 Nc7 24. Kg2 e6 25. Rb4 Rxb4 
26. Rxb4 b5 27. Rb2 a5 28. h4 b4 29. hxg5 hxg5 30. Bxg5 Nb5 31. e5 Bf8 
32. Kf1 Kg7 33. Ke2 Nc3+ 34. Kd3 a4 35. Rc2 Nd5 36. Rc1 Kg6 37. Bd2 Be7 
38. Rb1 Rb8 39. Ne1 Kf5 40. Ng2 Kg4 41. Nf4 b3 42. Nxd5 exd5 43. axb3 Rxb3+ 
44. Rxb3 axb3 45. Ba5 b2 46. Kc2 Kf3 47. Kxb2 Kxf2 48. g4 Kf3 49. Bc7 Kxg4 
50. Kc3 Kf5 51. Kd3 Bb4 52. Bd8 Kg4 53. Ke3 Bf8 54. Ke2 Bh6 55. Bf6 Bg5 
56. Bg7 Bc1 57. Kd3 Bf4 58. Bf6 Bg5 59. Bg7 Bf4 60. Ke2 Bg5 61. Kd3 Kf5 
62. Bf8 Kf4 63. Bc5 Kg4 64. Ke2 Kf5 65. Kf3 f6 66. Bd6 fxe5 67. Bxe5 1/2-1/2

[Event "Wednesday Apr 25 Engine Tour 9 rd Swiss 12m+1s Starts at 1600hrs"]
[Site "Infinity Chess"]
[Date "2018.4.25"]
[Round "9"]
[White "Vimtiroba"]
[Black "THE_MACHINE"]
[Result "1/2-1/2"]
[ECO "D30"]
[WhiteElo "2437"]
[BlackElo "2568"]
[WhiteEngine "AsmFish A24_CTG"]
[BlackEngine "BrainFish_180423_x64_bmi2"]
[EventType "Swiss"]
[WhiteTeam ""]
[BlackTeam ""]
[PlyCount "153"]
[TimeControl "720+1"]

1. d4 d5 2. c4 e6 3. Nf3 Nf6 4. Nc3 c6 5. e3 Nbd7 6. a4 Bb4 7. Qc2 b6 
8. cxd5 exd5 9. Bd2 O-O 10. Bd3 Bb7 11. O-O Re8 12. Na2 Bd6 13. a5 bxa5 
14. Nc3 Bc7 15. Rfc1 Rc8 16. Be1 Bb6 17. Qa4 c5 18. Ne2 cxd4 19. exd4 Nb8 
20. Rxc8 Bxc8 21. Bxa5 Nc6 22. Bd2 Bd7 23. Bb5 h6 24. h3 Re7 25. Bf4 Qe8 
26. Nc3 Re6 27. Kf1 a5 28. Rc1 g5 29. Bd2 Kg7 30. Be3 Bc7 31. Bd2 Bb6 
32. Kg1 Kg8 33. Ra1 Kg7 34. Bxc6 Bxc6 35. Qd1 Ne4 36. Nxe4 dxe4 37. d5 Bxd5 
38. Bc3+ f6 39. Qxd5 exf3 40. Qxf3 Qc6 41. Qxc6 Rxc6 42. Kf1 Kg6 43. Ke2 h5 
44. f3 h4 45. Ra4 Rc5 46. Kd3 Rb5 47. Ra1 Rc5 48. Ke4 Rb5 49. Rd1 Bc7 
50. Rd5 Rb3 51. Rc5 Be5 52. Bxe5 fxe5 53. Kxe5 a4 54. Rc6+ Kh5 55. Rc2 Kh6 
56. Rf2 Kg6 57. Ke4 a3 58. bxa3 Rxa3 59. Kd4 Kf5 60. Rd2 Kf4 61. Rc2 Ra5 
62. Rd2 Ra4+ 63. Kc3 Kf5 64. Rd5+ Kg6 65. Kb3 Ra8 66. Kb4 Ra2 67. Kc3 Rxg2 
68. Kd3 Rg3 69. Ke4 Rxh3 70. Rd6+ Kh5 71. f4 g4 72. Rd5+ Kg6 73. Rg5+ Kh7 
74. Rxg4 Kh6 75. Rg8 Rg3 76. Rh8+ Kg6 77. Rxh4 1/2-1/2

[Event "Wednesday Apr 25 Engine Tour 9 rd Swiss 12m+1s Starts at 1600hrs"]
[Site "Infinity Chess"]
[Date "2018.4.25"]
[Round "8"]
[White "MarioDeMonti"]
[Black "gmmarolideus"]
[Result "1/2-1/2"]
[ECO "C02"]
[WhiteElo "2433"]
[BlackElo "2351"]
[WhiteEngine "stockfish_x64_bmi2_2018_02_18_CTG"]
[BlackEngine "asmFishW_2018-04-07_popcnt_CTG"]
[EventType "Swiss"]
[WhiteTeam ""]
[BlackTeam ""]
[PlyCount "109"]
[TimeControl "720+1"]

1. e4 e6 2. d4 d5 3. e5 c5 4. c3 Nc6 5. Nf3 Bd7 6. Be2 Nge7 7. O-O cxd4 
8. cxd4 Nf5 9. Nc3 a6 10. g4 Nh4 11. Nxh4 Qxh4 12. f4 Rc8 13. Be3 Na5 
14. Bf2 Qd8 15. Bd3 Bb4 16. Rc1 O-O 17. Qe2 Bxc3 18. Rxc3 Rxc3 19. bxc3 Bb5 
20. Bxb5 axb5 21. Rb1 Qc7 22. Be1 Nc4 23. Rxb5 Ra8 24. Rb4 Qc6 25. f5 b6 
26. f6 Ra3 27. fxg7 Qa8 28. Rb1 Rxa2 29. Qf3 Ra1 30. Rxa1 Qxa1 31. Qf2 h6 
32. h3 Qb1 33. Kh2 b5 34. Kg2 Qd3 35. Qf3 Qg6 36. Qf4 h5 37. Kh2 hxg4 
38. Qxg4 Qxg4 39. hxg4 Kxg7 40. Kg3 Kh6 41. Kf3 Kg6 42. Bh4 Nd2+ 43. Ke2 Ne4 
44. Be1 Kh6 45. Ke3 Kg5 46. Kf3 Kh6 47. Ke3 Kg7 48. Bd2 f6 49. Be1 fxe5 
50. dxe5 Kg6 51. Ke2 Kg5 52. Kf3 Kg6 53. Ke2 Nc5 54. Bf2 Ne4 55. Be1 1/2-1/2